 Dungeon Crawl Stone Soup version 0.23.2-30-g0e89c35649 (webtiles) character file.

Game seed: 9388480077445717721

5821 troglodite the Magician (level 10, -4/71 HPs)
             Began as a Gnoll Skald on June 24, 2019.
             Was a Believer of Hepliaklqana.
             Slain by a hornet (13 damage)
             ... while paralysed by a hornet
             ... on level 9 of the Dungeon.
             The game lasted 00:36:09 (10439 turns).

troglodite the Magician (Gnoll Skald)              Turns: 10439, Time: 00:36:10

Health: -4/71      AC: 11    Str: 14    XL:     10   Next: 80%
Magic:  21/21      EV:  2    Int: 18    God:    Hepliaklqana [**....]
Gold:   594        SH:  0    Dex: 19    Spells: 14/24 levels left

rFire    . . .     SeeInvis .   c - +0 trident (pierce)
rCold    . . .     Gourm    .   (no shield)
rNeg     . . .     Faith    .   y - +2 ring mail {MR+}
rPois    .         Spirit   .   (no helmet)
rElec    .         Reflect  .   (no cloak)
rCorr    .         Harm     .   v - +0 pair of gloves
MR       +....                  o - +1 pair of boots
Stlth    +++.......             (no amulet)
HPRegen  0.21/turn              C - +4 ring of dexterity
MPRegen  0.17/turn              (no ring)

@: paralysed, slowed
A: distributed training, reduced essence, fangs 1, strong nose
a: Recall Ancestor, Ancestor Identity, Renounce Religion


You were on level 9 of the Dungeon.
You worshipped Hepliaklqana.
Hepliaklqana was pleased with you.
You were hungry.

You visited 2 branches of the dungeon, and saw 10 of its levels.

You collected 594 gold pieces.

Inventory:

Hand Weapons
 c - a +0 trident of piercing (weapon)
Armour
 o - a +1 pair of boots (worn)
 v - a +0 pair of gloves (worn)
 y - a +2 ring mail of magic resistance (worn)
 D - a +0 large shield
 I - +0 steam dragon scales
Jewellery
 k - an uncursed ring of ice
 C - a +4 ring of dexterity (left hand)
 F - an uncursed ring of fire
Wands
 z - a wand of polymorph (9)
 A - a wand of iceblast (6)
Scrolls
 g - 5 scrolls of remove curse
 h - 3 scrolls of amnesia
 j - 4 scrolls of blinking
 n - 6 scrolls of teleportation
 q - 2 scrolls of enchant weapon {unknown}
 r - a scroll of enchant armour {unknown}
 w - a scroll of magic mapping {unknown}
 x - a scroll of fear {unknown}
 E - a scroll of identify
Potions
 a - a potion of cancellation {unknown}
 b - a potion of mutation {unknown}
 e - a potion of lignification {unknown}
 f - 5 potions of curing
 i - 2 potions of haste
 l - 2 potions of might {unknown}
 m - a potion of heal wounds {unknown}
 s - a potion of berserk rage {unknown}
 t - 2 potions of ambrosia {unknown}
 u - a potion of brilliance {unknown}
 B - a potion of magic {unknown}
 G - a potion of resistance {unknown}
 H - a potion of degeneration {unknown}
Comestibles
 d - 22 rations


   Skills:
 + Level 7.2 Fighting
 + Level 5.5 Short Blades
 + Level 5.5 Long Blades
 + Level 5.5 Axes
 + Level 5.5 Maces & Flails
 + Level 7.2 Polearms
 + Level 5.5 Staves
 + Level 5.5 Slings
 + Level 5.5 Bows
 + Level 5.5 Crossbows
 + Level 5.5 Throwing
 + Level 6.1 Armour
 + Level 7.2 Dodging
 + Level 5.5 Stealth
 + Level 5.5 Shields
 + Level 5.5 Unarmed Combat
 + Level 7.5 Spellcasting
 + Level 4.5 Conjurations
 + Level 4.5 Hexes
 + Level 7.2 Charms
 + Level 4.5 Summonings
 + Level 4.5 Necromancy
 + Level 4.5 Translocations
 + Level 4.5 Transmutations
 + Level 4.5 Fire Magic
 + Level 4.5 Ice Magic
 + Level 4.5 Air Magic
 + Level 4.5 Earth Magic
 + Level 4.5 Poison Magic
 + Level 6.0 Invocations
 + Level 5.5 Evocations


You had 14 spell levels left.
You knew the following spells:

 Your Spells              Type           Power        Failure   Level  Hunger
a - Infusion              Chrm           ####         1%          1    None
b - Spectral Weapon       Hex/Chrm       ####....     4%          3    #......
c - Regeneration          Chrm/Necr      ####......   4%          3    #......
d - Swiftness             Chrm/Air       ####....     2%          2    None
e - Shock                 Conj/Air       ###.         3%          1    None

Your spell library contained the following spells:

 Spells                   Type           Power        Failure   Level  Hunger
 Song of Slaying          Chrm           ####....     1%          2    None
 Shroud of Golubria       Chrm/Tloc      ####......   2%          2    None
 Animate Skeleton         Necr           N/A          3%          1    None
 Pain                     Necr           ###.         3%          1    None
 Static Discharge         Conj/Air       ###.....     9%          3    #......
 Vampiric Draining        Necr           ###.......   9%          3    #......
 Airstrike                Air            ###.......   28%         4    ###....
 Animate Dead             Necr           N/A          28%         4    ###....
 Lightning Bolt           Conj/Air       ###.......   63%         5    #####..


Dungeon Overview and Level Annotations

Branches:
Dungeon (9/15)             Temple (1/1) D:4            Lair (0/6) D:8
    Orc: D:9-12

Altars:
Ashenzari
Cheibriados
Dithmenos
Elyvilon
Fedhas
Gozag
Hepliaklqana
Kikubaaqudgha
Makhleb
Nemelex Xobeh
Okawaru
Qazlal
Ru
Sif Muna
Trog
Uskayaw
Vehumet
Wu Jian
Xom
Yredelemnul
Zin
The Shining One


Innate Abilities, Weirdness & Mutations

Your experience applies equally to all skills.
You have very sharp teeth.
Your uncanny sense of smell can sniff out nearby items.
Your life essence is reduced to manifest your ancestor. (-10% HP)


Message History

The hornet is heavily wounded.
Your spectral weapon misses the hornet.
The hornet stings you!
You are more poisoned.
You feel yourself slow down.
Unknown command.
You puncture the hornet!
The hornet is almost dead.
You feel sick.
Your spectral weapon closely misses the hornet.
The hornet misses you. The hornet stings you!
* * * LOW HITPOINT WARNING * * *
You are more poisoned.
You feel as though you will be slow longer.
You feel better. The hornet stings you!
* * * LOW HITPOINT WARNING * * *
You feel as though you will be slow longer.
The hornet stings you.
* * * LOW HITPOINT WARNING * * *
You suddenly lose the ability to move!
The hornet stings you!
You die...

∆∆ #.# #.#
##.### ∆∆ #.#
#.#####...## ##
#.# #...........
#.# #.#
#######...##
##a# #.# ##....
#)#y## #.#
###.### #.#.#
#.# #.<....
#R######.#
#.#.###
###.###.##.ay@(#
.(#..#
..........######
###.#.#
###.####..#
#.... ##.# # ###
#.# #.# #.# #..
###


You could see a soldier ant, a hornet and a friendly spectral +0 trident of
piercing.

Vanquished Creatures
  An ogre mage (D:8)
  A hippogriff (D:9)
  A steam dragon (D:9)
  Eustachio (D:4)
  An orc warrior (D:5)
  2 black bears
  A phantom (D:4)
  A hornet zombie (D:5)
  3 ogres
  5 centaurs
  3 crocodiles (D:8)
  A big kobold (D:6)
  9 bullfrogs
  2 scorpions
  3 killer bees (D:8)
  4 wights
  2 howler monkeys (D:8)
  A jelly (D:8)
  6 orc wizards
  A gnoll shaman (D:8)
  5 hounds
  A bullfrog skeleton (D:8)
  7 orc priests
  An iguana (D:6)
  6 worker ants
  A hound skeleton (D:5)
  A howler monkey zombie (D:7)
  A worker ant zombie (D:5)
  8 adders
  7 gnolls
  A howler monkey skeleton (D:9)
  3 shadow imps
  An ooze (D:2)
  An adder zombie (D:5)
  5 worms
  3 dart slugs
  5 leopard geckos
  27 orcs
  6 giant cockroaches
  6 goblins
  8 hobgoblins
  12 jackals
  7 quokkas
  A ball python (D:3)
  8 bats
  3 frilled lizards
  7 kobolds
  9 rats
200 creatures vanquished.

Vanquished Creatures (collateral kills)
  A yak (D:8)
  A water moccasin (D:6)
  An ogre (D:5)
  A sky beast (D:9)
  A centaur (D:6)
  Blork the orc (D:5)
  4 wights
  2 bullfrog zombies (D:5)
  A hound (D:8)
  A jelly (D:9)
  A bullfrog skeleton (D:6)
  An orc wizard (D:9)
  3 worker ants
  A worker ant zombie (D:7)
  A howler monkey zombie (D:8)
  4 adders
  An adder zombie (D:5)
  An adder skeleton (D:5)
  7 orcs
  A ball python (D:6)
35 creatures vanquished.

Vanquished Creatures (others)
  A hexer (D:9)
  An orc wizard (D:8)
  3 ancestors
  46 fungi (D:8)
  15 plants (D:8)
  6 spectral weapons
72 creatures vanquished.

Grand Total: 307 creatures vanquished

Notes
Turn   | Place    | Note
-------+----------+-------------------------------------------
     0 | D:1      | troglodite the Gnoll Skald began the quest for the Orb.
     0 | D:1      | Reached XP level 1. HP: 20/20 MP: 6/6
   223 | D:1      | Reached XP level 2. HP: 26/26 MP: 7/7
   583 | D:1      | Reached XP level 3. HP: 31/31 MP: 9/9
   588 | D:1      | Learned a level 3 spell: Spectral Weapon
   883 | D:1      | Reached skill level 5 in Spellcasting
  1439 | D:2      | Reached skill level 1 in Invocations
  2013 | D:3      | Reached skill level 1 in Short Blades
  2013 | D:3      | Reached skill level 1 in Long Blades
  2013 | D:3      | Reached skill level 1 in Axes
  2013 | D:3      | Reached skill level 1 in Maces & Flails
  2013 | D:3      | Reached skill level 1 in Staves
  2013 | D:3      | Reached skill level 1 in Slings
  2013 | D:3      | Reached skill level 1 in Bows
  2013 | D:3      | Reached skill level 1 in Crossbows
  2013 | D:3      | Reached skill level 1 in Throwing
  2013 | D:3      | Reached skill level 1 in Stealth
  2013 | D:3      | Reached skill level 1 in Shields
  2013 | D:3      | Reached skill level 1 in Unarmed Combat
  2013 | D:3      | Reached skill level 1 in Evocations
  2196 | D:3      | Reached XP level 4. HP: 38/38 MP: 11/11
  2233 | D:3      | Learned a level 3 spell: Regeneration
  2463 | D:3      | Reached skill level 1 in Conjurations
  2463 | D:3      | Reached skill level 1 in Hexes
  2463 | D:3      | Reached skill level 1 in Summonings
  2463 | D:3      | Reached skill level 1 in Necromancy
  2463 | D:3      | Reached skill level 1 in Translocations
  2463 | D:3      | Reached skill level 1 in Transmutations
  2463 | D:3      | Reached skill level 1 in Fire Magic
  2463 | D:3      | Reached skill level 1 in Ice Magic
  2463 | D:3      | Reached skill level 1 in Air Magic
  2463 | D:3      | Reached skill level 1 in Earth Magic
  2463 | D:3      | Reached skill level 1 in Poison Magic
  2827 | D:2      | Reached XP level 5. HP: 39/43 MP: 12/12
  3552 | D:3      | Reached XP level 6. HP: 41/50 MP: 11/13
  4214 | D:4      | Noticed Eustachio
  4238 | D:4      | Killed Eustachio
  4238 | D:4      | Reached skill level 5 in Fighting
  4238 | D:4      | Reached skill level 5 in Polearms
  4238 | D:4      | Reached skill level 5 in Dodging
  4308 | D:4      | Noticed a phantom
  4393 | D:4      | Killed a phantom
  4393 | D:4      | Reached XP level 7. HP: 35/56 MP: 12/15
  4500 | D:4      | Found a staircase to the Ecumenical Temple.
  4597 | Temple   | Entered the Ecumenical Temple
  4680 | Temple   | Became a worshipper of Hepliaklqana the Forgotten
  5161 | D:5      | Entered Level 5 of the Dungeon
  5555 | D:5      | Noticed Blork the orc
  5567 | D:5      | Killed Blork the orc
  5674 | D:5      | Reached XP level 8. HP: 55/56 MP: 12/16
  7054 | D:6      | Reached XP level 9. HP: 37/62 MP: 18/18
  7247 | D:6      | Reached * piety under Hepliaklqana
  7547 | D:6      | Reached skill level 5 in Armour
  8461 | D:8      | Reached skill level 5 in Invocations
  8670 | D:8      | Reached XP level 10. HP: 59/69 MP: 17/20
  9147 | D:8      | Found a transporter.
  9159 | D:8      | Found a transporter.
  9161 | D:8      | Noticed an ogre mage
  9170 | D:8      | Found a basalt altar of Yredelemnul.
  9219 | D:8      | Killed an ogre mage
  9219 | D:8      | Reached skill level 5 in Short Blades
  9219 | D:8      | Reached skill level 5 in Long Blades
  9219 | D:8      | Reached skill level 5 in Axes
  9219 | D:8      | Reached skill level 5 in Maces & Flails
  9219 | D:8      | Reached skill level 5 in Staves
  9219 | D:8      | Reached skill level 5 in Slings
  9219 | D:8      | Reached skill level 5 in Bows
  9219 | D:8      | Reached skill level 5 in Crossbows
  9219 | D:8      | Reached skill level 5 in Throwing
  9219 | D:8      | Reached skill level 5 in Stealth
  9219 | D:8      | Reached skill level 5 in Shields
  9219 | D:8      | Reached skill level 5 in Unarmed Combat
  9219 | D:8      | Reached skill level 5 in Evocations
  9244 | D:8      | Got a fine plate armour
  9269 | D:8      | Identified the cursed +1 plate armour of the True Pharaoh
                  | {rElec rF+ Stlth-} (You found it on level 8 of the Dungeon)
  9591 | D:8      | Found a staircase to the Lair.
  9596 | D:8      | Learned a level 2 spell: Swiftness
  9598 | D:8      | Learned a level 1 spell: Shock
 10360 | D:9      | Reached ** piety under Hepliaklqana
 10361 | D:9      | Remembered your ancestor Nenetl as a hexer
 10428 | D:9      | Paralysed by a hornet for 2 turns
 10439 | D:9      | Paralysed by a hornet for 3 turns
 10439 | D:9      | Slain by a hornet

Skill      XL: |  1  2  3  4  5  6  7  8  9 10 |
---------------+-------------------------------+-----
Spellcasting   | 5 6 7 |  7.5
Invocations    | 1 2 3 4 5 6 |  6.0
Short Blades   | 1 2 3 4 5 |  5.5
Long Blades    | 1 2 3 4 5 |  5.5
Axes           | 1 2 3 4 5 |  5.5
Maces & Flails | 1 2 3 4 5 |  5.5
Staves         | 1 2 3 4 5 |  5.5
Slings         | 1 2 3 4 5 |  5.5
Bows           | 1 2 3 4 5 |  5.5
Crossbows      | 1 2 3 4 5 |  5.5
Throwing       | 1 2 3 4 5 |  5.5
Stealth        | 1 2 3 4 5 |  5.5
Shields        | 1 2 3 4 5 |  5.5
Unarmed Combat | 1 2 3 4 5 |  5.5
Evocations     | 1 2 3 4 5 |  5.5
Conjurations   | 1 2 3 4 |  4.5
Hexes          | 1 2 3 4 |  4.5
Summonings     | 1 2 3 4 |  4.5
Necromancy     | 1 2 3 4 |  4.5
Translocations | 1 2 3 4 |  4.5
Transmutations | 1 2 3 4 |  4.5
Fire Magic     | 1 2 3 4 |  4.5
Ice Magic      | 1 2 3 4 |  4.5
Air Magic      | 1 2 3 4 |  4.5
Earth Magic    | 1 2 3 4 |  4.5
Poison Magic   | 1 2 3 4 |  4.5
Armour         | 3 4 5 6 |  6.1
Fighting       | 5 6 7 |  7.2
Polearms       | 5 6 7 |  7.2
Dodging        | 5 6 7 |  7.2
Charms         | 6 7 |  7.2

Action                   |  1- 3 |  4- 6 |  7- 9 | 10-12 || total
-------------------------+-------+-------+-------+-------++-------
Melee: Spear             |   165 |   292 |   159 |       ||   616
       Bite              |    20 |    24 |    49 |    12 ||   105
       Punch             |     1 |     5 |     2 |     1 ||     9
       Trident           |       |       |   229 |   154 ||   383
 Cast: Spectral Weapon   |       |     7 |    23 |     9 ||    39
       Regeneration      |       |     1 |     1 |       ||     2
       Infusion          |       |       |     3 |       ||     3
       Shock             |       |       |       |     2 ||     2
Invok: Recall Ancestor   |       |       |     1 |       ||     1
       Ancestor Life: He |       |       |       |     1 ||     1
  Use: Scroll            |       |       |     6 |     2 ||     8
       Potion            |       |       |       |     1 ||     1
 Stab: Distracted        |       |     2 |     6 |     3 ||    11
       Sleeping          |       |     4 |     1 |     6 ||    11
  Eat: Chunk             |     3 |     9 |    12 |     5 ||    29
       Ration            |       |       |     1 |       ||     1
Armor: Ring mail         |    50 |    98 |   122 |    39 ||   309
Dodge: Dodged            |   102 |   183 |   259 |   117 ||   661
